 Dungeon Crawl Stone Soup version bcrawl-1.37.2 (webtiles) character file.

Game seed: 970537153878785437

475044 SansUndertale the Fighter (level 14, 0/145 HPs)
             Began as a Naga Archaeologist on Nov 24, 2022.
             Was a Priest of Jiyva.
             Succumbed to a green very ugly thing's poison
             ... on level 1 of the Abyss.
             The game lasted 01:15:45 (18701 turns).

SansUndertale the Fighter (Naga Archaeologist)     Turns: 18701, Time: 01:15:46

Health: 0/145      AC: 11    Str: 17    XL:     14   Next: 73%
Magic:  17/19      EV: 11    Int: 16    God:    Jiyva [***...]
Gold:   1253       SH:  0    Dex: 10    Spells: 13/13 levels left

rFire    + . .     GDR:     29% E - +9 dire flail of Yfafyocs {speed, rC+}
rCold    + + .     SeeInvis +   (shield currently unavailable)
rNeg     . . .     Gourm    .   U - +2 scale mail {rPois}
rPois    +         Faith    .   Q - +2 helmet
rElec    +         Spirit   .   (no cloak)
rCorr    +         Reflect  .   J - +0 pair of gloves
MR       +....                  h - +3 barding {Fly}
Stlth    ++++......             (no amulet)
HPRegen  0.34/turn              k - +2 ring of evasion
MPRegen  0.16/turn              X - ring of insulation

@: lethally poisoned (0 -> -8), resistant, slimy, corroded, berserk cooldown,
flying, very slightly contaminated, slowed, very slow
A: large, tail, swims, see invisible, deformed body, poison resistance, slowness
2, slow metabolism 1, spit poison 1, acidic bite, constrict 1, AC +4
a: Spit Poison, Request Jelly, Evolve, Renounce Religion, Stop Flying


You were on level 1 of the Abyss.
You worshipped Jiyva.
Jiyva was most pleased with you.
You were hungry.

You visited 4 branches of the dungeon, and saw 18 of its levels.
You visited the Abyss 1 time.
You also visited: Ossuary, Ice Cave and Volcano.

You collected 1253 gold pieces.

Inventory:

Hand Weapons
 a - the +0 hunting sling of Duty {flame, rF+ Str-4 Int+5, unknown}
   (You found it on level 1 of the Abyss)

   It causes projectiles fired from it to surge with flame as they hit,
   increasing damage dealt by approximately one third against foes not resistant
   or susceptible to fire.
   It affects your strength (-4).
   It affects your intelligence (+5).
   It protects you from fire.
 D - the +5 war axe of Atreohim {pain, +Rage rF- Str-3 Int+7 SInv}
   (You took it off a crimson imp on level 8 of the Dungeon)

   In the hands of one skilled in necromantic magic, it inflicts extra damage on
   living creatures.
   It affects your strength (-3).
   It affects your intelligence (+7).
   It makes you vulnerable to fire.
   It lets you see invisible.
   It lets you go berserk.
 E - the +9 dire flail of Yfafyocs (weapon) {speed, rC+}
   (You acquired it on level 8 of the Dungeon)

   Attacks with this weapon are significantly faster.
   It protects you from cold.
Missiles
 s - 2 throwing nets (quivered) {=f}
Armour
 h - a +3 barding of flying (worn)
 J - a +0 pair of gloves (worn)
 K - a +2 robe of magic resistance
 Q - a +2 helmet (worn)
 U - a +2 scale mail of poison resistance (worn)
 W - a +3 leather armour of fire resistance
Jewellery
 k - a +2 ring of evasion (left hand)
 H - an uncursed ring of protection from fire
 O - an uncursed ring of protection from cold
 X - a ring of insulation (right hand)
Wands
 o - a wand of charming (16)
 C - a wand of polymorph (8)
 M - a wand of digging (14)
 N - a wand of paralysis (21)
 R - a wand of flame (30)
 T - a wand of iceblast (13)
 Z - a wand of acid (1)
Scrolls
 b - 4 scrolls of teleportation
 g - a scroll of magic mapping
 n - 6 scrolls of enchant weapon
 r - 4 scrolls of remove curse
 w - 4 scrolls of noise
 y - a scroll of fear
 F - 4 scrolls of amnesia
 G - a scroll of vulnerability
 S - a scroll of brand weapon
Potions
 d - a potion of magic {unknown}
 l - a potion of ambrosia {unknown}
 m - 3 potions of flight
 p - 3 potions of degeneration {unknown}
 t - a potion of lignification
 v - a potion of haste {unknown}
 x - 2 potions of berserk rage
 z - 2 potions of cancellation
 I - 2 potions of brilliance {unknown}
 P - 4 potions of resistance
 Y - a potion of mutation {unknown}
Comestibles
 e - 23 rations {!d}


   Skills:
 + Level 14.8 Fighting
 - Level 6.8 Maces & Flails
 + Level 8.0 Armour
 - Level 11.1 Dodging
 - Level 13.6 Stealth
 - Level 6.6 Invocations
 - Level 2.3 Evocations


You had 13 spell levels left.
You didn't know any spells.
Your spell library contained the following spells:

 Spells                   Type           Power        Failure   Level  Hunger
 Flame Tongue             Conj/Fire      #....        58%         1    None
 Magic Dart               Conj           #...         58%         1    None
 Blink                    Tloc           N/A          73%         2    ####...
 Call Imp                 Summ           #.....       73%         2    ####...
 Flaming Arrows           Chrm/Fire      #.......     73%         2    ####...
 Searing Ray              Conj           #.......     73%         2    ####...
 Conjure Flame            Conj/Fire      #.......     91%         3    #####..
 Inner Flame              Hex/Fire       N/A          91%         3    #####..
 Iskenderun's Mystic Bla  Conj           #.......     91%         3    #####..
 Mephitic Cloud           Conj/Pois/Air  #.......     91%         3    #####..
 Spider Form              Tmut/Pois      #..          91%         3    #####..
 Fulminant Prism          Conj/Hex       #.........   100%        4    ######.
 Sticky Flame             Conj/Fire      #.......     100%        4    ######.
 Bolt of Magma            Conj/Fire/Erth #.........   100%        5    #######
 Fireball                 Conj/Fire      #.........   100%        5    #######
 Irradiate                Conj/Tmut      #.........   100%        5    #######
 Steam Barrier            Chrm/Fire      #.........   100%        5    #######
 Bolt of Fire             Conj/Fire      #.........   100%        6    #######
 Conjure Ball Lightning   Conj/Air       #.........   100%        6    #######
 Icicle Burst             Conj/Ice       #.........   100%        7    #######
 Ignition                 Fire           #.........   100%        8    #######
 Tornado                  Tloc/Air       #.........   100%        8    #######
 Shatter                  Erth           #.........   100%        9    #######


Dungeon Overview and Level Annotations

Branches:
Dungeon (10/12)            Temple (1/1) D:4            Lair (6/6) D:7
 Spider (1/3) Lair:3        Slime (0/5) Lair:5          Orc (0/1) D:9
  Swamp: Lair:2-4    Shoals: Lair:2-4     Snake: Lair:2-4

Altars:
Ashenzari
Cheibriados
Dithmenos
Elyvilon
Fedhas
Gozag
Hepliaklqana
Kikubaaqudgha
Lugonu
Makhleb
Nemelex Xobeh
Okawaru
Qazlal
Ru
Sif Muna
Trog
Uskayaw
Vehumet
Wu Jian
Xom
Yredelemnul
Zin
The Shining One
Jiyva

Shops:
D:7 *   D:8 *(   D:9 %

Portals:
Abyss: Lair:6

Annotations:
D:2 Sigmund
D:5 2 runed translucent doors, SansUndertale's ghost, novice NaFi
D:6 exclusion: two-headed ogre
D:7 exclusion: wight
D:8 3 runed translucent doors, exclusion: wight, Prince Ribbit
D:10 Maurice
Lair:1 exclusions: hydra and oklob plant
Lair:2 Fannar
Spider:1 Aizul


Innate Abilities, Weirdness & Mutations

You cannot wear boots.
You can swim through water.
Your serpentine skin is tough. (AC +4)
You have supernaturally acute eyesight. (SInv)
Armour fits poorly on your strangely shaped body.
Your system is resistant to poisons. (rPois)
You cover ground very slowly.
You have a slow metabolism.
You can spit poison.
You can use your snake-like lower body to constrict enemies.
You have acidic saliva.


Message History

You feel sick.
A red film seems to cover your vision as you go berserk!
You feel yourself moving faster!
You feel mighty!
* * * LOW HITPOINT WARNING * * *
You feel sick.
There is a lethal amount of poison in your body!
There is a lethal amount of poison in your body!
You are too berserk!
You feel a strong urge to attack something.
* * * LOW HITPOINT WARNING * * *
You feel sick.
* * * LOW HITPOINT WARNING * * *
You feel sick.
You feel your anger nearly subside.
* * * LOW HITPOINT WARNING * * *
You feel sick.
You are no longer berserk.
You are exhausted.
You feel yourself slow down.
You die...

## #.
#. ##
#. #.#
#.#..#
#@.#
#.###
##


There were no monsters in sight!

Vanquished Creatures
  A frost giant (IceCv)
  A very ugly thing (Abyss:1)
  3 hydras
  Erica (D:8)
  A catoblepas (Lair:5)
  An alligator (Lair:6)
  4 two-headed ogres
  3 thrashing horrors (Lair:6)
  Nergalle (Lair:2)
  A harpy (shapeshifter) (Lair:6)
  2 ugly things
  A toenail golem (Volcano)
  3 salamanders (Volcano)
  Joseph (D:8)
  3 torpor snails
  An ice statue (IceCv)
  A black mamba (Lair:6)
  12 cane toads
  An orange demon (Abyss:1)
  4 rime drakes
  6 komodo dragons
  2 ancient zymes (Lair:6)
  A harpy skeleton (D:10)
  17 polar bears
  13 blink frogs
  9 hippogriffs
  2 hornets
  A hippogriff (shapeshifter) (D:7)
  6 dream sheep (Lair:6)
  A spriggan (Lair:6)
  2 ynoxinuls (Lair:6)
  46 yaks
  2 large abominations (Lair:6)
  A wraith (Ossuary)
  3 wyverns
  A hungry ghost (D:10)
  A human (D:9)
  5 basilisks
  3 fire bats (Volcano)
  10 small abominations
  2 chaos spawn (Lair:6)
  A neqoxec (Abyss:1)
  13 crocodiles
  5 water moccasins
  2 hell hounds (Lair:3)
  10 porcupines
  3 ice beasts (D:10)
  2 ogres (D:4)
  An orc warrior (D:10)
  4 sky beasts
  A hornet zombie (D:9)
  3 meliai simulacra (D:10)
  A black bear (D:7)
  51 wolves
  A necrophage (D:5)
  11 bullfrogs
  A kobold brigand (D:7)
  An elf zombie (D:5)
  A centaur (D:4)
  A wyvern skeleton (D:7)
  3 scorpions
  2 water moccasin skeletons
  2 wights (D:7)
  An orc priest (D:10)
  An electric eel (Lair:2)
  3 howler monkeys
  4 crimson imps
  3 jellies
  11 orc wizards
  4 bullfrog skeletons
  A bullfrog zombie (D:5)
  8 hounds
  A human zombie (D:5)
  6 worker ants
  6 iguanas
  A human skeleton (D:5)
  3 hound skeletons
  A mummy (Ossuary)
  3 worker ant zombies
  Robin (D:2)
  8 adders
  4 gnolls
  2 shadow imps
  3 white imps (D:10)
  3 ufetubi
  2 oozes (D:3)
  3 adder skeletons
  An adder zombie (D:9)
  2 worms
  2 dart slugs
  3 leopard geckos
  18 orcs
  A ball python (D:7)
  4 giant cockroaches
  11 goblins
  6 hobgoblins
  7 jackals
  5 quokkas
  A bat (D:3)
  A frilled lizard (D:1)
  5 gnoll skeletons (Ossuary)
  A jackal zombie (D:5)
  13 kobolds
  6 kobold skeletons (Ossuary)
  16 orc skeletons
  An orc zombie (D:5)
  7 rats
  A plant (D:7)
495 creatures vanquished.

Vanquished Creatures (others)
  3 blink frogs
  A yak (IceCv)
  A soldier ant (shapeshifter) (Lair:6)
  2 wolves (IceCv)
  14 jellies (Lair:5)
  50 fungi
  18 plants
89 creatures vanquished.

Grand Total: 584 creatures vanquished

Notes
Turn   | Place    | Note
-------+----------+-------------------------------------------
     0 | D:1      | SansUndertale the Naga Archaeologist began the quest for
                  | the Orb.
     0 | D:1      | Reached XP level 1. HP: 18/18 MP: 1/1
   152 | D:1      | Reached skill level 5 in Stealth
   152 | D:1      | Reached XP level 2. HP: 25/25 MP: 2/2
   546 | D:2      | Found a white marble altar of Elyvilon.
   567 | D:2      | Became a worshipper of Elyvilon the Healer
   646 | D:2      | Found a snail-covered altar of Cheibriados.
   660 | D:2      | Noticed Sigmund
   693 | D:2      | Reached XP level 3. HP: 31/31 MP: 3/3
   760 | D:2      | Found a bloodstained altar of Trog.
  1033 | D:2      | Noticed Robin
  1044 | D:2      | Killed Robin
  1055 | D:2      | Reached XP level 4. HP: 17/38 MP: 4/4
  1651 | D:3      | Found an opulent altar of Gozag.
  1924 | D:3      | Reached * piety under Elyvilon
  1968 | D:3      | Found a sparkling altar of Nemelex Xobeh.
  2049 | D:3      | Found a white marble altar of Elyvilon.
  2150 | D:3      | Reached XP level 5. HP: 44/44 MP: 5/5
  2150 | D:3      | Identified a scroll of acquirement
  2150 | D:3      | Identified the +5 hunting sling of Hinlit {elec, rC- Str+5}
                  | (You acquired it on level 3 of the Dungeon)
  2150 | D:3      | Identified the amulet "Seihur" {Spirit rN+ Dex+3} (You
                  | acquired it on level 3 of the Dungeon)
  2884 | D:4      | Reached skill level 2 in Fighting
  2952 | D:4      | Reached XP level 6. HP: 18/52 MP: 6/6
  3076 | D:4      | Found a staircase to the Ecumenical Temple.
  3124 | Temple   | Entered the Ecumenical Temple
  3900 | D:4      | Reached ** piety under Elyvilon
  3999 | D:4      | Noticed a sky beast
  4012 | D:4      | Killed a sky beast
  4013 | D:4      | Reached XP level 7. HP: 61/61 MP: 7/7
  4365 | D:4      | Reached skill level 5 in Maces & Flails
  4608 | D:5      | Entered Level 5 of the Dungeon
  4656 | D:5      | Reached skill level 3 in Fighting
  4685 | D:5      | Reached skill level 5 in Dodging
  4724 | D:5      | Reached XP level 8. HP: 37/66 MP: 8/8
  4730 | D:5      | Found a sand-covered staircase.
  4760 | Ossuary  | Entered an ossuary
  4760 | Ossuary  | Noticed a wraith
  4760 | Ossuary  | Noticed a wraith
  4760 | Ossuary  | Noticed a wraith
  5033 | Ossuary  | Noticed a wraith
  5062 | Ossuary  | Killed a wraith
  5273 | D:5      | Found a runed translucent door.
  5293 | D:5      | Found a runed translucent door.
  5294 | D:5      | Noticed SansUndertale's ghost (novice NaFi)
  5695 | D:5      | Found a shimmering blue altar of Sif Muna.
  5702 | D:5      | Found an ornate altar of the Wu Jian Council.
  5705 | D:5      | Found a radiant altar of Vehumet.
  5851 | D:5      | Reached *** piety under Elyvilon
  5858 | D:5      | Got a scorched hand axe
  5859 | D:5      | Identified the +3 hand axe "Ylelejet" {speed, +Rage rF+
                  | Str-2} (You found it on level 5 of the Dungeon)
  6055 | D:6      | Reached skill level 4 in Fighting
  6137 | D:6      | Noticed a two-headed ogre
  6203 | D:6      | Reached XP level 9. HP: 77/78 MP: 9/9
  6441 | D:6      | Reached skill level 1 in Evocations
  6624 | D:7      | Reached skill level 5 in Fighting
  6681 | D:7      | Noticed a komodo dragon
  6701 | D:7      | a komodo dragon changed into a hippogriff
  6710 | D:7      | Reached skill level 6 in Fighting
  6710 | D:7      | Reached skill level 1 in Invocations
  6822 | D:7      | Noticed a two-headed ogre
  6855 | D:7      | Found Laiz's Assorted Antiques.
  6899 | D:7      | Noticed a hornet
  6912 | D:7      | Killed a hornet
  6936 | D:7      | Reached skill level 10 in Stealth
  6943 | D:7      | Reached XP level 10. HP: 71/92 MP: 10/10
  7099 | D:7      | Found a sacrificial altar of Ru.
  7176 | D:7      | Killed a two-headed ogre
  7177 | D:7      | Reached skill level 7 in Fighting
  7264 | D:7      | Found a staircase to the Lair.
  7497 | D:8      | Identified the +9 dire flail of Yfafyocs {speed, rC+} (You
                  | acquired it on level 8 of the Dungeon)
  7497 | D:8      | Identified the ring "Veow" {rC+ rN+} (You acquired it on
                  | level 8 of the Dungeon)
  7577 | D:8      | Found a runed translucent gate.
  7577 | D:8      | Found a runed translucent gate.
  7642 | D:8      | Noticed Prince Ribbit
  7645 | D:8      | Found a burning altar of Makhleb.
  7818 | D:8      | Noticed Joseph
  7833 | D:8      | Killed Joseph
  7980 | D:8      | Reached **** piety under Elyvilon
  7981 | D:8      | Found a glowing golden altar of the Shining One.
  8083 | D:8      | Identified the +5 war axe of Atreohim {pain, +Rage rF-
                  | Str-3 Int+7 SInv}
  8100 | D:8      | Noticed Erica
  8200 | D:8      | Found a runed translucent gate.
  8243 | D:8      | Killed Erica
  8244 | D:8      | Reached skill level 8 in Fighting
  8249 | D:8      | Found a hide-covered altar of Uskayaw.
  8306 | D:8      | Found Ziek's Weapon Shoppe.
  8339 | D:8      | Found Onik Len's Assorted Antiques.
  8380 | D:8      | Found a corrupted altar of Lugonu.
  8710 | D:9      | Reached XP level 11. HP: 103/103 MP: 12/12
  8742 | D:9      | Found a staircase to the Orcish Mines.
  8863 | D:9      | Found Isumoul's Food Shop.
  8919 | D:9      | Noticed a two-headed ogre
  8941 | D:9      | Killed a two-headed ogre
  9189 | D:9      | Reached skill level 9 in Fighting
  9346 | D:9      | Found a blossoming altar of Fedhas.
  9443 | D:10     | Entered Level 10 of the Dungeon
  9851 | D:10     | Found a glowing golden altar of the Shining One.
  9955 | D:10     | Noticed Maurice
 10169 | Lair:1   | Entered Level 1 of the Lair of Beasts
 10238 | Lair:1   | Noticed a seven-headed hydra
 10420 | Lair:1   | Reached ***** piety under Elyvilon
 10623 | Lair:1   | Noticed an oklob plant
 11009 | Lair:2   | Reached skill level 10 in Fighting
 11388 | Lair:2   | Reached XP level 12. HP: 76/117 MP: 13/13
 11391 | Lair:2   | Noticed Nergalle
 11509 | Lair:2   | Reached skill level 10 in Dodging
 11544 | Lair:2   | Killed Nergalle
 11979 | Lair:2   | Reached skill level 11 in Fighting
 12418 | Lair:2   | Noticed Fannar
 12800 | Lair:3   | Found a dark tunnel.
 12813 | Volcano  | Entered a volcano
 12821 | Volcano  | Noticed a two-headed ogre
 12894 | Volcano  | Noticed a two-headed ogre
 12956 | Volcano  | Killed a two-headed ogre
 13574 | Volcano  | Killed a two-headed ogre
 13725 | Lair:3   | Reached skill level 5 in Invocations
 13987 | Lair:3   | Reached skill level 12 in Fighting
 13987 | Lair:3   | Gained mutation: You can use your snake-like lower body to
                  | constrict enemies. [Naga growth]
 13987 | Lair:3   | Reached XP level 13. HP: 129/129 MP: 16/16
 14013 | Lair:3   | Found a hole to the Spider Nest.
 14345 | Spider:1 | Entered Level 1 of the Spider Nest
 14345 | Spider:1 | Noticed Aizul
 15018 | Lair:5   | Reached skill level 1 in Armour
 15352 | Lair:5   | Found a viscous altar of Jiyva.
 15353 | Lair:5   | Found a staircase to the Slime Pits.
 15367 | Lair:5   | Fell from the grace of Elyvilon
 15367 | Lair:5   | Became a worshipper of Jiyva Jawe the Shapeless
 15804 | Lair:6   | Entered Level 6 of the Lair of Beasts
 15832 | Lair:6   | Found a frozen archway.
 15885 | Lair:6   | Reached skill level 13 in Fighting
 15993 | Lair:6   | Reached ** piety under Jiyva
 16097 | Lair:6   | Gained mutation: You are agile. (Dex +2) [Jiyva's grace]
 16115 | Lair:6   | Reached skill level 5 in Armour
 16152 | Lair:6   | HP: 6/199 [thrashing horror (8)]
 16202 | Lair:6   | Reached XP level 14. HP: 67/141 MP: 19/19
 16341 | IceCv    | Entered an ice cave
 16497 | IceCv    | Got a scorched war axe
 16533 | IceCv    | Reached *** piety under Jiyva
 16671 | IceCv    | Reached skill level 14 in Fighting
 16887 | IceCv    | Noticed a frost giant
 16906 | IceCv    | Killed a frost giant
 17103 | Lair:6   | Gained mutation: You have acidic saliva. [Jiyva's grace]
 18056 | Lair:6   | Reached **** piety under Jiyva
 18283 | Lair:6   | Found a corrupted altar of Lugonu.
 18283 | Lair:6   | Found a one-way gate to the infinite horrors of the Abyss.
 18514 | Lair:6   | Voluntarily entered the Abyss.
 18553 | Abyss:1  | Lost mutation: You are agile. (Dex +2) [Jiyva's grace]
 18564 | Abyss:1  | Got a scorched hunting sling
 18648 | Abyss:1  | Noticed a brown very ugly thing
 18650 | Abyss:1  | Noticed a brown very ugly thing
 18677 | Abyss:1  | Killed a green very ugly thing
 18679 | Abyss:1  | Noticed a starcursed mass
 18693 | Abyss:1  | HP: 7/145 [cyan ugly thing (4)]
 18696 | Abyss:1  | HP: 2/145 [poisoned by a green very ugly thing]
 18701 | Abyss:1  | Succumbed to a green very ugly thing's poison

Skill      XL: |  1  2  3  4  5  6  7  8  9 10 11 12 13 14 |
---------------+-------------------------------------------+-----
Stealth        | 5 6 8 10 12 13 | 13.6
Dodging        | 3 4 5 7 8 9 11 | 11.1
Maces & Flails | 2 3 4 5 6 |  6.8
Fighting       | 2 3 4 6 8 10 12 13 14 | 14.8
Evocations     | 1 2 |  2.3
Invocations    | 1 2 5 6 |  6.6
Armour         | 5 8 |  8.0

Action                   |  1- 3 |  4- 6 |  7- 9 | 10-12 | 13-15 || total
-------------------------+-------+-------+-------+-------+-------++-------
Melee: Whip              |    81 |   227 |   290 |       |       ||   598
       Hand axe          |       |       |   172 |   100 |       ||   272
       Dire flail        |       |       |       |   576 |   558 ||  1134
       Constrict         |       |       |       |       |   110 ||   110
       Bite              |       |       |       |       |    26 ||    26
Throw: Throwing net      |       |       |       |       |     1 ||     1
Invok: Lesser Healing    |       |       |     8 |     4 |       ||    12
       Heal Other        |       |       |       |       |     2 ||     2
       Request Jelly     |       |       |       |       |     1 ||     1
       Slimify           |       |       |       |       |     1 ||     1
 Abil: Spit Poison       |    30 |    39 |    40 |    95 |    34 ||   238
       Evoke Berserk Rag |       |       |     1 |     1 |       ||     2
Evoke: Wand              |       |       |     5 |     3 |     4 ||    12
  Use: Scroll            |       |     1 |     5 |    16 |    12 ||    34
       Potion            |       |       |     4 |       |    19 ||    23
 Stab: Sleeping          |     1 |     2 |    11 |    12 |     7 ||    33
       Distracted        |       |       |       |     1 |       ||     1
       Invisible         |       |       |       |     1 |       ||     1
       Paralysed         |       |       |       |     1 |       ||     1
  Eat: Chunk             |     3 |    12 |    12 |    39 |    22 ||    88
       Ration            |       |     1 |     3 |       |       ||     4
Armor: Robe              |    39 |    91 |   119 |   206 |     9 ||   464
       Skin              |       |       |   104 |       |    42 ||   146
       Leather armour    |       |       |       |       |   143 ||   143
       Scale mail        |       |       |       |       |    72 ||    72
Dodge: Dodged            |    62 |   132 |   209 |   329 |   303 ||  1035
